Map: Catalyst LE

Players

SALTKING

  • Race: Terran Terran
  • Spawn Location: 11:00

A.I. 2 (Very Easy) - Winner!

  • Race: Zerg Zerg
  • Spawn Location: 5:00

VOD

Have the link to the VOD?

Description

Time

  • Played on: June 27, 2018, 3:08 p.m.
  • Length: 7:12
Show
View Real Time Build Order
Export as new Build Order

SALTKING Terran 

Build Orders:  

Get SALT Encoding   

  12  0:00  SCV  
  13  0:12  SCV  
  14  0:17  Supply Depot  
  14  0:25  SCV  
  15  0:31  Refinery  
  15  0:39  SCV  
  16  0:47  Barracks  
  16  0:51  SCV  
  17  1:03  SCV  
  18  1:15  SCV  
  20  1:34  Reaper, Orbital Command  
  20  1:46  Command Center  
  20  1:56  Factory  
  20  1:59  SCV  
  21  2:08  Barracks Reactor  
  21  2:13  SCV  
  21  2:14  Refinery  
  22  2:15  Supply Depot  
  22  2:25  SCV  
  23  2:39  SCV  
  24  2:44  Factory  
  24  2:51  Hellion x2  
  28  2:53  Barracks Reactor  
  28  2:54  SCV  
  29  2:58  Orbital Command  
  29  3:07  SCV  
  29  3:12  Hellion x2  
  34  3:17  Supply Depot  
  34  3:20  SCV  
  34  3:26  SCV  
  36  3:33  SCV  
  37  3:37  Cyclone  
  37  3:39  Cyclone  
  37  3:40  SCV  
  44  3:45  SCV  
  45  3:48  Cyclone  
  45  3:54  Supply Depot  
  45  3:55  SCV  
  49  3:57  SCV  
  50  4:05  Cyclone  
  50  4:07  SCV  
  54  4:15  SCV  
  54  4:16  Supply Depot  
  55  4:18  Supply Depot  
  55  4:19  SCV  
  55  4:23  Hellion x2  
  60  4:26  Armory  
  60  4:28  SCV  
  61  4:36  SCV  
  61  4:38  Hellion x2  
  66  4:41  SCV, Supply Depot  
  67  4:49  Cyclone  
  67  4:50  Hellion  
  67  4:51  SCV  
  73  4:53  SCV  
  73  4:55  Supply Depot  
  74  5:00  Refinery  
  74  5:02  Refinery  
  74  5:03  SCV  
  74  5:06  Cyclone, SCV  
  79  5:14  Hellion  
  81  5:15  Hellion  
  81  5:19  SCV  
  81  5:20  SCV  
  81  5:21  Cyclone  
  88  5:27  Supply Depot  
  88  5:30  Supply Depot  
  88  5:31  SCV  
  89  5:38  SCV  
  90  5:43  SCV  
  90  5:44  Armory  
  90  5:46  Armory  
  91  5:54  SCV, Command Center  
  91  5:56  SCV  
  93  6:05  Supply Depot  
  93  6:06  SCV  
  93  6:11  SCV  
  95  6:15  Hellion x2  
  95  6:17  Factory  
  99  6:18  Cyclone  
  99  6:19  Factory  
  99  6:22  Cyclone  
  99  6:23  SCV  
  106  6:25  SCV  
  107  6:35  Factory, SCV  
  108  6:43  Supply Depot  
  108  6:44  Supply Depot  
  108  6:46  SCV  
  109  6:53  SCV  
  110  6:58  SCV  
Show
View Real Time Build Order
Export as new Build Order

A.I. 2 (Very Easy) Zerg - Winner!

Build Orders: Pool Only 

Get SALT Encoding   

  12  0:01  Drone  
  13  0:12  Overlord  
  13  0:17  Drone  
  14  0:36  Spawning Pool  
  14  0:38  Extractor  
  14  0:40  Drone  
  13  0:47  Drone  
  14  0:54  Overlord  
  14  1:23  Zergling x2  
  14  1:25  Queen  
  17  1:34  Roach Warren  
  17  1:35  Extractor  
  17  1:39  Drone  
  16  1:46  Drone  
  17  1:50  Zergling x2  
  18  2:07  Drone  
  19  2:14  Drone  
  20  2:16  Zergling x2  
  20  2:22  Drone  
  22  2:32  Overlord  
  22  2:37  Drone  
  22  2:43  Roach  
  25  2:44  Drone  
  26  2:51  Drone  
  27  6:11  Zergling x2  
Tags
 
Matchup
TvZ
Opening
Pool Only
Spawn Locations
Cross Positions
Add a new tag
Caveats
  • Supply blocks, unpowered buildings, or Contaminate may cause inaccurate times.
  • Supply counts are checked every 10 seconds.